Map: Bel'Shir Vestige LE (Void)

Players

Zyandr

  • Race: Protoss Protoss
  • League: Silver
  • Spawn Location: 5:00

Zod - Winner!

  • Race: Protoss Protoss
  • League: Silver
  • Spawn Location: 11:00

VOD

Have the link to the VOD?

Description

Time

  • Played on: March 24, 2017, 8:53 p.m.
  • Length: 6:30
Show
View Real Time Build Order
Export as new Build Order

Zyandr Protoss 

Build Orders:  

Get SALT Encoding   

  12  0:01  Probe (Chrono Boost)  
  13  0:12  Probe (Chrono Boost)  
  14  0:22  Pylon, Probe (Chrono Boost)  
  15  0:40  Probe (Chrono Boost)  
  16  0:44  Gateway  
  16  0:58  Assimilator  
  16  1:03  Gateway  
  16  1:35  Zealot  
  16  1:36  Cybernetics Core  
  18  1:59  Warp Gate  
  18  2:02  Probe (Chrono Boost)  
  19  2:14  Probe (Chrono Boost)  
  20  2:21  Assimilator  
  20  2:28  Pylon  
  20  2:31  Pylon  
  20  2:35  Mothership Core (Chrono Boost)  
  22  2:55  Probe (Chrono Boost)  
  24  3:07  Probe (Chrono Boost)  
  24  3:08  Stargate  
  24  3:19  Probe (Chrono Boost)  
  25  3:22  Nexus  
  25  3:26  Pylon  
  25  3:31  Probe (Chrono Boost)  
  26  3:40  Stargate  
  26  3:43  Probe (Chrono Boost)  
  21  4:15  Probe (Chrono Boost)  
  22  4:27  Probe (Chrono Boost)  
  22  4:31  Gateway  
  23  4:32  Void Ray  
  27  4:43  Probe (Chrono Boost)  
  28  4:47  Probe (Chrono Boost)  
  29  4:55  Probe (Chrono Boost)  
  30  5:03  Void Ray  
  35  5:14  Probe (Chrono Boost)  
  22  5:41  Pylon  
Show
View Real Time Build Order
Export as new Build Order

Zod Protoss - Winner!

Build Orders:  

Get SALT Encoding   

  12  0:01  Probe (Chrono Boost)  
  13  0:12  Probe (Chrono Boost)  
  14  0:22  Probe (Chrono Boost)  
  14  0:23  Pylon  
  15  0:42  Probe (Chrono Boost)  
  16  0:46  Gateway  
  16  0:52  Probe (Chrono Boost)  
  16  0:56  Forge  
  17  1:07  Probe (Chrono Boost)  
  17  1:09  Assimilator  
  17  1:22  Probe (Chrono Boost)  
  18  1:37  Cybernetics Core  
  18  1:43  Pylon x2  
  18  1:47  Assimilator  
  18  1:55  Pylon  
  18  1:58  Probe (Chrono Boost)  
  19  2:04  Warp Gate  
  19  2:09  Probe (Chrono Boost)  
  20  2:20  Adept  
  22  2:29  Mothership Core (Chrono Boost)  
  24  2:44  Adept  
  24  2:49  Probe (Chrono Boost)  
  27  3:01  Probe (Chrono Boost)  
  27  3:03  Stargate  
  28  3:07  Gateway  
  29  3:28  Probe (Chrono Boost)  
  29  3:38  Nexus  
  29  4:09  Oracle  
  28  4:18  Protoss Ground Weapons Level 1  
  28  4:26  Pylon  
  28  4:31  Stalker x2  
  28  4:36  Photon Cannon  
  32  4:48  Gateway  
  32  4:50  Gateway  
  32  4:51  Probe (Chrono Boost)  
  33  5:02  Probe (Chrono Boost)  
  34  5:12  Probe (Chrono Boost)  
  35  5:14  Pylon  
  35  5:16  Twilight Council  
  35  5:23  Probe (Chrono Boost)  
  36  5:34  Probe (Chrono Boost)  
  37  6:07  Probe (Chrono Boost)  
  38  6:13  Assimilator  
  38  6:15  Assimilator  
  39  6:19  Probe (Chrono Boost)  
  39  6:20  Stalker x2  
Tags
 
Add a new tag
Caveats
  • Supply blocks, unpowered buildings, or Contaminate may cause inaccurate times.
  • Supply counts are checked every 10 seconds.